cohdb
Replays
Latest Replays
All Replays
Popular Replays
Top Player Replays
Match Explorer
How It Works
Community
CoH3 Stats
Reddit
Sign in to upload your games and track your stats! →
Sign in with Steam
Match 45282080
Unlisted
Match 45282080
Overview
Messages
Build Orders
End
Kradschützen Motorcycle Team
Panzerpioneer Squad
Selects Panzerjäger Kommand Battlegroup
Selects Mine Fields
250 Light Carrier
Panzergrenadier Squad
Construct Light Support Kompanie
Assault Grenadier Squad
2.5-tonne Medical Truck
Selects GrB 39 Grenade Launcher Requisition
Combat Half-tracks
Fire Support Elements
Flakvierling Half-track
Panzerjäger Squad
Selects Defensive Positions
le.IG 18 Mechanized Group
Construct Panzerarmee Kommand
Selects Butterfly Bomb Drop
Selects Crew Shock Tactics
Panzer III L Medium Tank
Kradschützen Motorcycle Team
Armored Reserves
SHERDOR
Dark Lord Cthulhu
0
0
Comments
sign in to comment!
No comments posted yet!